| TOP OF THE 1ST |
|
Lake County Captains batting - Pitching for Charleston RiverDogs : RHP Bobby Kosmicki
|
|
Pitching: RHP Bobby Kosmicki
|
|
|
Batting: RHB George Wagner
|
0-0: Called Strike 0-1: Foul Ball, location: 2F 0-2: Strikes out swinging
|
|
Batting: RHB Josh Patterson
|
0-0: Ball 1-0: Swinging Strike 1-1: Fly out, F8 (Line Drive, 8LD, EV 94.4 MPH)
|
|
Batting: LHB Brandon Hopper
|
0-0: Foul Ball, location: 2F 0-1: Ball 1-1: Called Strike 1-2: Ball 2-2: Ball 3-2: Strikes out looking
|
| Top of the 1st over - 0 runs, 0 hits, 0 errors, 0 left on base; Lake County 0 - Charleston 0 |
| BOTTOM OF THE 1ST |
|
Charleston RiverDogs batting - Pitching for Lake County Captains : RHP Arturo Rojas
|
|
Pitching: RHP Arturo Rojas
|
|
|
Batting: LHB Justin O'Neal
|
0-0: Called Strike 0-1: Ball 1-1: Swinging Strike 1-2: Foul Ball, location: 2F 1-2: Fly out, F4 (Popup, 4D, EV 74.4 MPH)
|
|
Batting: SHB Corey Penson
|
0-0: Called Strike 0-1: Ball 1-1: Swinging Strike 1-2: Ball 2-2: Strikes out swinging
|
|
Batting: LHB Steve LeGrand
|
0-0: Ball 1-0: Ball 2-0: Ball 3-0: Called Strike 3-1: SOLO HOME RUN (Flyball, 78XD, EV 113.1 MPH), Distance : 463 ft
|
|
Batting: LHB Dale Anderson
|
0-0: Ball 1-0: Called Strike 1-1: Ball 2-1: DOUBLE (Line Drive, 3D, EV 99.4 MPH)
|
|
Batting: LHB Marc Durgin
|
0-0: Called Strike 0-1: Called Strike 0-2: Strikes out swinging
|
| Bottom of the 1st over - 1 run, 2 hits, 0 errors, 1 left on base; Lake County 0 - Charleston 1 |
| TOP OF THE 2ND |
|
Lake County Captains batting - Pitching for Charleston RiverDogs : RHP Bobby Kosmicki
|
|
Batting: LHB Jeff Palmowski
|
0-0: Foul Ball, location: 2F 0-1: Called Strike 0-2: Ball 1-2: Ball 2-2: Strikes out swinging
|
|
Batting: RHB Adam McMillen
|
0-0: Called Strike 0-1: Foul Ball, location: 2F 0-2: Ball 1-2: Strikes out swinging
|
|
Batting: RHB Chris Diaz
|
0-0: Ball 1-0: Foul Ball, location: 2F 1-1: Called Strike 1-2: Foul Ball, location: 2F 1-2: Foul Ball, location: 2F 1-2: SINGLE (Groundball, 6M, EV 81.9 MPH) (infield hit)
|
|
Batting: RHB Steve Gusman
|
0-0: Ball Chris Diaz steals 2nd base 1-0: Ground out 6-3 (Groundball, 6, EV 90.6 MPH)
|
| Top of the 2nd over - 0 runs, 1 hit, 0 errors, 1 left on base; Lake County 0 - Charleston 1 |
| BOTTOM OF THE 2ND |
|
Charleston RiverDogs batting - Pitching for Lake County Captains : RHP Arturo Rojas
|
|
Batting: RHB Jonathan Iniguez
|
0-0: Called Strike 0-1: Ball 1-1: Ground out 6-3 (Groundball, 6, EV 83.8 MPH)
|
|
Batting: RHB Nate Singleton
|
0-0: Fly out, F9 (Flyball, 89D, EV 98.8 MPH)
|
|
Batting: RHB Matt Alderson
|
0-0: Ball 1-0: Ball 2-0: Called Strike 2-1: Ball 3-1: Ground out 6-3 (Groundball, 6, EV 86.9 MPH)
|
| Bottom of the 2nd over - 0 runs, 0 hits, 0 errors, 0 left on base; Lake County 0 - Charleston 1 |
| TOP OF THE 3RD |
|
Lake County Captains batting - Pitching for Charleston RiverDogs : RHP Bobby Kosmicki
|
|
Batting: RHB John Bianconi
|
0-0: Called Strike 0-1: Called Strike 0-2: DOUBLE (Line Drive, 7LM, EV 105.6 MPH)
|
|
Batting: RHB Anibal Casteles
|
0-0: Ball 1-0: Ball 2-0: Ground out 4-3 (Groundball, 34, EV 87.5 MPH) John Bianconi to third
|
|
Batting: RHB George Wagner
|
0-0: Called Strike 0-1: Ground out 6-3 (Groundball, 6M, EV 83.8 MPH) John Bianconi scores
|
|
Batting: RHB Josh Patterson
|
0-0: Swinging Strike 0-1: Ball 1-1: Ball 2-1: Ground out 6-3 (Groundball, 6, EV 88.1 MPH)
|
| Top of the 3rd over - 1 run, 1 hit, 0 errors, 0 left on base; Lake County 1 - Charleston 1 |
| BOTTOM OF THE 3RD |
|
Charleston RiverDogs batting - Pitching for Lake County Captains : RHP Arturo Rojas
|
|
Batting: RHB Louwe Starmans
|
0-0: Foul Ball, location: 2F 0-1: Swinging Strike 0-2: Ball 1-2: Foul Ball, location: 2F 1-2: Ball 2-2: Foul Ball, location: 2F 2-2: Ball 3-2: Fly out, F8 (Flyball, 8LXD, EV 101.9 MPH)
|
|
Batting: LHB Justin O'Neal
|
0-0: Called Strike 0-1: Ball 1-1: Fly out, F9 (Flyball, 89M, EV 83.1 MPH)
|
|
Batting: SHB Corey Penson
|
0-0: Foul Ball, location: 2F 0-1: Foul Ball, location: 2F 0-2: Foul Ball, location: 2F 0-2: Foul Ball, location: 2F 0-2: Fly out, F7 (Flyball, 78M, EV 88.8 MPH)
|
| Bottom of the 3rd over - 0 runs, 0 hits, 0 errors, 0 left on base; Lake County 1 - Charleston 1 |
| TOP OF THE 4TH |
|
Lake County Captains batting - Pitching for Charleston RiverDogs : RHP Bobby Kosmicki
|
|
Batting: LHB Brandon Hopper
|
0-0: Foul Ball, location: 2F 0-1: Swinging Strike 0-2: Foul Ball, location: 2F 0-2: Ground out 4-3 (Groundball, 4, EV 86.9 MPH)
|
|
Batting: LHB Jeff Palmowski
|
0-0: Called Strike 0-1: Swinging Strike 0-2: Ball 1-2: Foul Ball, location: 2F 1-2: Ball 2-2: Strikes out swinging
|
|
Batting: RHB Adam McMillen
|
0-0: Ball 1-0: Foul Ball, location: 2F 1-1: Ball 2-1: Swinging Strike 2-2: Strikes out looking
|
| Top of the 4th over - 0 runs, 0 hits, 0 errors, 0 left on base; Lake County 1 - Charleston 1 |
| BOTTOM OF THE 4TH |
|
Charleston RiverDogs batting - Pitching for Lake County Captains : RHP Arturo Rojas
|
|
Batting: LHB Steve LeGrand
|
0-0: Ball 1-0: Called Strike 1-1: Ball 2-1: Ball 3-1: Foul Ball, location: 2F 3-2: Ground out 4-3 (Groundball, 4, EV 81.2 MPH)
|
|
Batting: LHB Dale Anderson
|
0-0: Swinging Strike 0-1: Foul Ball, location: 2F 0-2: Ball 1-2: Ball 2-2: Strikes out looking
|
|
Batting: LHB Marc Durgin
|
0-0: Fly out, F4 (Popup, 34S, EV 82.5 MPH)
|
| Bottom of the 4th over - 0 runs, 0 hits, 0 errors, 0 left on base; Lake County 1 - Charleston 1 |
| TOP OF THE 5TH |
|
Lake County Captains batting - Pitching for Charleston RiverDogs : RHP Bobby Kosmicki
|
|
Batting: RHB Chris Diaz
|
0-0: Foul Ball, location: 2F 0-1: Ball 1-1: Foul Ball, location: 2F 1-2: Strikes out swinging
|
|
Batting: RHB Steve Gusman
|
0-0: Ball 1-0: Ball 2-0: Ball 3-0: Called Strike 3-1: Ground out 6-3 (Groundball, 6, EV 86.2 MPH)
|
|
Batting: RHB John Bianconi
|
0-0: SINGLE (Line Drive, 89M, EV 112.5 MPH)
|
|
Batting: RHB Anibal Casteles
|
0-0: Ball 1-0: SINGLE (Line Drive, 8LS, EV 103.1 MPH) John Bianconi to second
|
|
Batting: RHB George Wagner
|
0-0: Ball 1-0: Called Strike 1-1: Ground out U3 (Groundball, 34S, EV 80.6 MPH)
|
| Top of the 5th over - 0 runs, 2 hits, 0 errors, 2 left on base; Lake County 1 - Charleston 1 |
| BOTTOM OF THE 5TH |
|
Charleston RiverDogs batting - Pitching for Lake County Captains : RHP Arturo Rojas
|
|
Batting: RHB Jonathan Iniguez
|
0-0: Ball 1-0: Swinging Strike 1-1: Ball 2-1: Foul Ball, location: 2F 2-2: Ground out 6-3 (Groundball, 4M, EV 103.8 MPH)
|
|
Batting: RHB Nate Singleton
|
0-0: Ball 1-0: Ball 2-0: Called Strike 2-1: Ball 3-1: Fly out, F8 (Flyball, 8RM, EV 81.9 MPH)
|
|
Batting: RHB Matt Alderson
|
0-0: Ball 1-0: Called Strike 1-1: Ball 2-1: Swinging Strike 2-2: Fly out, F9 (Flyball, 9LM, EV 82.5 MPH)
|
| Bottom of the 5th over - 0 runs, 0 hits, 0 errors, 0 left on base; Lake County 1 - Charleston 1 |
| TOP OF THE 6TH |
|
Lake County Captains batting - Pitching for Charleston RiverDogs : RHP Bobby Kosmicki
|
|
Batting: RHB Josh Patterson
|
0-0: Ball 1-0: SINGLE (Line Drive, 78S, EV 88.1 MPH)
|
|
Batting: LHB Brandon Hopper
|
0-0: Ball 1-0: Ball 2-0: Called Strike 2-1: Ball 3-1: TRIPLE (Flyball, 89XD, EV 95.0 MPH) Josh Patterson scores
|
|
Batting: LHB Jeff Palmowski
|
0-0: Intentional Walk
|
|
Batting: RHB Adam McMillen
|
0-0: Ball 1-0: Swinging Strike 1-1: Grounds into double play, 6-4-3 (Groundball, 6, EV 87.5 MPH) Brandon Hopper scores
|
|
Batting: RHB Chris Diaz
|
0-0: Ball 1-0: Swinging Strike 1-1: Hit by Pitch
|
|
Batting: RHB Steve Gusman
|
0-0: Ball 1-0: Called Strike 1-1: Ball 2-1: Foul Ball, location: 2F 2-2: Ball 3-2: Fly out, F7 (Flyball, 78D, EV 103.1 MPH)
|
| Top of the 6th over - 2 runs, 2 hits, 0 errors, 1 left on base; Lake County 3 - Charleston 1 |
| BOTTOM OF THE 6TH |
|
Charleston RiverDogs batting - Pitching for Lake County Captains : RHP Arturo Rojas
|
|
Batting: RHB Louwe Starmans
|
0-0: Ball 1-0: Fly out, F8 (Flyball, 8LXD, EV 98.8 MPH)
|
|
Batting: LHB Justin O'Neal
|
0-0: Ball 1-0: Called Strike 1-1: Called Strike 1-2: Strikes out swinging
|
|
Batting: SHB Corey Penson
|
0-0: Fly out, F4 (Line Drive, 4M, EV 68.8 MPH)
|
| Bottom of the 6th over - 0 runs, 0 hits, 0 errors, 0 left on base; Lake County 3 - Charleston 1 |
| TOP OF THE 7TH |
|
Lake County Captains batting - Pitching for Charleston RiverDogs : RHP Bobby Kosmicki
|
|
Pitching: LHP Cory Musial
|
|
|
Batting: RHB John Bianconi
|
0-0: Foul Ball, location: 2F 0-1: Ball 1-1: Ball 2-1: Ground out 3-1 (Groundball, 34, EV 97.5 MPH)
|
|
Batting: RHB Anibal Casteles
|
0-0: Ball 1-0: Ball 2-0: Ball 3-0: Foul Ball, location: 2F 3-1: Foul Ball, location: 2F 3-2: Strikes out swinging
|
|
Batting: RHB George Wagner
|
0-0: Ball 1-0: Called Strike 1-1: Ground out 3-1 (Groundball, 34, EV 100.6 MPH)
|
| Top of the 7th over - 0 runs, 0 hits, 0 errors, 0 left on base; Lake County 3 - Charleston 1 |
| BOTTOM OF THE 7TH |
|
Charleston RiverDogs batting - Pitching for Lake County Captains : RHP Arturo Rojas
|
|
Batting: LHB Steve LeGrand
|
0-0: Called Strike 0-1: SINGLE (Groundball, 3D, EV 101.2 MPH)
|
|
Batting: LHB Dale Anderson
|
0-0: Ball 1-0: Ball 2-0: Ball 3-0: Called Strike 3-1: Called Strike 3-2: SINGLE (Line Drive, 89S, EV 100.6 MPH) Steve LeGrand to second
|
|
Pinch Runner at 2nd Ernesto Abreu:
|
|
|
Batting: LHB Marc Durgin
|
0-0: Called Strike 0-1: Ball 1-1: Called Strike 1-2: Ball 2-2: Ball 3-2: Grounds into double play, 3-6-3 (Groundball, 34S, EV 77.5 MPH) Ernesto Abreu to third
|
|
Batting: RHB Jonathan Iniguez
|
0-0: Foul Ball, location: 2F 0-1: Foul Ball, location: 2F 0-2: Fly out, F8 (Flyball, 89D, EV 95.0 MPH)
|
| Bottom of the 7th over - 0 runs, 2 hits, 0 errors, 1 left on base; Lake County 3 - Charleston 1 |
| TOP OF THE 8TH |
|
Lake County Captains batting - Pitching for Charleston RiverDogs : LHP Cory Musial
|
|
Pitching: RHP Greg Ritchie
|
|
|
Now in LF: Ernesto Abreu
|
|
|
Batting: RHB Josh Patterson
|
0-0: Ball 1-0: Foul Ball, location: 2F 1-1: Ball 2-1: Foul Ball, location: 2F 2-2: Foul Ball, location: 2F 2-2: Ground out 6-3 (Groundball, 6MS, EV 82.5 MPH)
|
|
Batting: LHB Brandon Hopper
|
0-0: Called Strike 0-1: Ball 1-1: SOLO HOME RUN (Line Drive, 9D, EV 96.9 MPH), Distance : 397 ft
|
|
Batting: LHB Jeff Palmowski
|
0-0: Ball 1-0: Called Strike 1-1: Foul Ball, location: 2F 1-2: Fly out, F8 (Flyball, 8LM, EV 77.5 MPH)
|
|
Pinch Hitting: LHB Ben Rubenacker
|
0-0: Called Strike 0-1: Ball 1-1: Foul Ball, location: 2F 1-2: SINGLE (Groundball, 34D, EV 106.2 MPH)
|
|
Batting: RHB Chris Diaz
|
0-0: Ball Ben Rubenacker is caught stealing 2nd base 2-4
|
| Top of the 8th over - 1 run, 2 hits, 0 errors, 0 left on base; Lake County 4 - Charleston 1 |
| BOTTOM OF THE 8TH |
|
Charleston RiverDogs batting - Pitching for Lake County Captains : RHP Arturo Rojas
|
|
Pitching: LHP Valentin Ciubotariu
|
|
|
Now at SS: Jeremy Givens
|
|
|
Batting: RHB Nate Singleton
|
0-0: Ball 1-0: Ball 2-0: Foul Ball, location: 2F 2-1: Swinging Strike 2-2: SINGLE (Line Drive, 56, EV 101.2 MPH)
|
|
Batting: RHB Matt Alderson
|
0-0: Foul Ball, location: 2F 0-1: Called Strike 0-2: Strikes out swinging
|
|
Batting: RHB Louwe Starmans
|
0-0: Ball 1-0: Ball 2-0: Foul Ball, location: 2F 2-1: Foul Ball, location: 2F 2-2: Foul Ball, location: 2F 2-2: Strikes out swinging
|
|
Pinch Hitting: RHB Mike Zern
|
0-0: Ball 1-0: Ball 2-0: Called Strike 2-1: Foul Ball, location: 2F 2-2: Ball 3-2: Base on Balls Nate Singleton to second
|
|
Batting: SHB Corey Penson
|
0-0: Called Strike 0-1: Ground out 2-3 (Groundball, 13S, EV 71.2 MPH)
|
| Bottom of the 8th over - 0 runs, 1 hit, 0 errors, 2 left on base; Lake County 4 - Charleston 1 |
| TOP OF THE 9TH |
|
Lake County Captains batting - Pitching for Charleston RiverDogs : RHP Greg Ritchie
|
|
Pitching: LHP Alex Pulido
|
|
|
Now at 2B: Mike Zern
|
|
|
Batting: RHB Chris Diaz
|
0-0: Called Strike 0-1: Ground out 5-3 (Groundball, 5L, EV 91.9 MPH)
|
|
Batting: RHB Steve Gusman
|
0-0: Called Strike 0-1: Ball 1-1: Ball 2-1: Ball 3-1: Foul Ball, location: 2F 3-2: Strikes out swinging
|
|
Batting: RHB John Bianconi
|
0-0: Ground out 5-3 (Groundball, 56, EV 84.4 MPH)
|
| Top of the 9th over - 0 runs, 0 hits, 0 errors, 0 left on base; Lake County 4 - Charleston 1 |
| BOTTOM OF THE 9TH |
|
Charleston RiverDogs batting - Pitching for Lake County Captains : LHP Valentin Ciubotariu
|
|
Pitching: RHP Justin Stone
|
|
|
Batting: LHB Ernesto Abreu
|
0-0: Foul Ball, location: 2F 0-1: Ball 1-1: TRIPLE (Flyball, 78XD, EV 95.6 MPH)
|
|
Batting: LHB Dale Anderson
|
0-0: Ball 1-0: Called Strike 1-1: Fly out, F7 (Flyball, 7D, EV 88.8 MPH) Runner from 3rd tags up, SCORES, no throw by LF
|
|
Batting: LHB Marc Durgin
|
0-0: Ball 1-0: Foul Ball, location: 2F 1-1: Ball 2-1: Called Strike 2-2: Ball 3-2: Ground out 4-3 (Groundball, 4M, EV 80.0 MPH)
|
|
Pinch Hitting: LHB Jeremiah Walker
|
0-0: Ball 1-0: Called Strike 1-1: Foul Ball, location: 2F 1-2: Strikes out looking
|
| Bottom of the 9th over - 1 run, 1 hit, 0 errors, 0 left on base; Lake County 4 - Charleston 2 |
|